 Dungeon Crawl Stone Soup version 0.20-b1-24-gb21faa7 (webtiles) character file.

119 anfisbena the Skirmisher (level 5, 0/29 HPs)
             Began as a Vine Stalker Fighter on May 25, 2017.
             Succumbed to kobold's curare-tipped needle
             ... on level 3 of the Dungeon.
             The game lasted 00:02:31 (2481 turns).

anfisbena the Skirmisher (Vine Stalker Fighter)     Turns: 2481, Time: 00:02:32

Health: 0/29       AC:  8    Str: 18    XL:     5   Next: 3%
Magic:  3/6        EV:  6    Int: 15    God:
Gold:   229        SH:  9    Dex: 19    Spells: 4/4 levels left

rFire    . . .     SeeInvis .   a - +0 long sword
rCold    . . .     Gourm    +   c - +0 shield
rNeg     . . .     Faith    .   j - +0 chain mail
rPois    .         Spirit   +   (no helmet)
rElec    .         Reflect  .   (no cloak)
rCorr    +         Harm     .   (no gloves)
MR       .....                  (no boots)
Stlth    ..........             m - amulet of the gourmand
Regen    0.5/turn               n - ring of resist corrosion
MPRegen  0.1/turn               w - +1 ring of slaying

@: brilliant, lethally poisoned (0 -> -7), flying, very slightly contaminated,
hasted and slowed, invisible
A: fangs 2, repulsion field 1, thin skeletal structure 1, agile 1, clever 1,
regeneration 1, magic shield, antimagic bite, no potion heal 3, rot immunity
a: no special abilities


You were on level 3 of the Dungeon.
You were completely stuffed.

You visited 1 branch of the dungeon, and saw 3 of its levels.

You collected 229 gold pieces.

Inventory:

Hand Weapons
 a - a +0 long sword (weapon)
Armour
 c - a +0 shield (worn)
 j - a +0 chain mail (worn)
Jewellery
 m - an amulet of the gourmand (around neck)
 n - a ring of resist corrosion (left hand)
 w - a +1 ring of slaying (right hand)
Scrolls
 g - a scroll of teleportation {unknown}
 l - 4 scrolls of identify {unknown}
 r - a scroll of enchant weapon {unknown}
 t - a scroll of remove curse {unknown}
 u - a scroll of blinking {unknown}
 x - a scroll of recharging {unknown}
Potions
 b - 2 potions of mutation
 d - 2 potions of might
 e - 3 potions of heal wounds
 h - a potion of haste
 i - a potion of flight
 o - a potion of curing {unknown}
 q - a potion of invisibility
 z - a potion of resistance {unknown}
Books
 s - a book of Changes

   Spells                             Type                      Level
   a - Beastly Appendage              Transmutation                1
   b - Sticks to Snakes               Transmutation                2
   c - Spider Form                    Transmutation/Poison         3
   d - Ice Form                       Ice/Transmutation            4
   e - Blade Hands                    Transmutation                5
Comestibles
 f - 6 bread rations
 p - 12 chunks of flesh
 v - a meat ration
 A - a royal jelly


   Skills:
 + Level 3.9 Fighting
 + Level 3.5 Long Blades
 - Level 2.4 Armour
 - Level 2.6 Shields


You had 4 spell levels left.
You didn't know any spells.

Dungeon Overview and Level Annotations

Branches:
Dungeon (3/15)

Altars:


Innate Abilities, Weirdness & Mutations

You have extremely sharp teeth.
Your natural rate of healing is unusually fast.
When hurt, damage is shared between your health and your magic reserves.
Your bite disrupts and absorbs the magic of your enemies.
Potions cannot restore your health.
You are immune to rotting.
You are surrounded by a mild repulsion field. (EV +2)
You have a somewhat thin skeletal structure. (Dex +2, Stealth)
You are agile. (Dex +2)
Your mind is acute. (Int +2)


Message History

You feel very buoyant.
You fly up into the air.
* * * LOW HITPOINT WARNING * * *
You feel very sick. The goblin hits you but does no damage.
The kobold hits you but does no damage. The goblin hits you but does no damage.
It was a potion of haste.
You feel yourself speed up.
* * * LOW HITPOINT WARNING * * *
You feel sick. You block the kobold's attack.
The goblin hits you but does no damage.
The kobold hits you with an uncursed short sword.
It was a potion of invisibility.
You fade into invisibility!
* * * LOW HITPOINT WARNING * * *
You feel sick. The goblin barely misses you.
The kobold hits you but does no damage.
You are very lightly contaminated with residual magic.
It was a potion of brilliance.
You feel clever all of a sudden.
You die...

....... #. #.# ####### #.#
#.# # #.# #.# # #.# #.# #
#.######.# # #######.#
#.#......# #
....รท...########.#(######
# .#####........(..(.#
.......########g@.##
.####### #.K........ .#
##...###### # .# ##.## #
.# ### # (# #
.################ #
.##.............# #
.##.###########.# #


You could see a goblin and a kobold.

Vanquished Creatures
  A gnoll (D:1)
  4 adders
  An ooze (D:2)
  2 worms
  A dart slug (D:1)
  2 leopard geckos
  6 bats
  3 giant cockroaches
  7 goblins
  8 hobgoblins
  2 quokkas
  A ball python zombie (D:3)
  8 frilled lizards
  8 kobolds
  10 rats
64 creatures vanquished.

Notes
Turn   | Place    | Note
-------+----------+-------------------------------------------
     0 | D:1      | anfisbena the Vine Stalker Fighter began the quest for the Orb.
     0 | D:1      | Reached XP level 1. HP: 11/11 MP: 2/2
     2 | D:1      | Noticed a spriggan
    14 | D:1      | Noticed a draconian
    19 | D:1      | Noticed an ogre
    21 | D:1      | Noticed a dwarf
   334 | D:1      | Reached XP level 2. HP: 13/16 MP: 1/3
   662 | D:1      | Reached XP level 3. HP: 18/20 MP: 2/4
  1359 | D:2      | Gained mutation: Your natural rate of healing is unusually fast. [Vine Stalker growth]
  1359 | D:2      | Reached XP level 4. HP: 24/24 MP: 5/5
  2302 | D:3      | Reached XP level 5. HP: 29/29 MP: 6/6
  2476 | D:3      | Gained mutation: You have a somewhat thin skeletal structure. (Dex +2, Stealth) [potion of mutation]
  2476 | D:3      | Gained mutation: You are surrounded by a mild repulsion field. (EV +2) [potion of mutation]
  2476 | D:3      | Gained mutation: Your mind is acute. (Int +2) [potion of mutation]
  2476 | D:3      | Gained mutation: You are agile. (Dex +2) [potion of mutation]
  2480 | D:3      | HP: 1/29 [poisoned by kobold (curare-tipped needle)]
  2481 | D:3      | Succumbed to kobold's curare-tipped needle

Skill      XL: |  1  2  3 |
---------------+----------+-----
Long Blades    | 2 3 |  3.5
Fighting       | 3 |  3.9
Armour         | |  2.4
Shields        | |  2.6

Action                   |  1- 3 |  4- 6 || total
-------------------------+-------+-------++-------
Melee: Long sword        |    84 |    87 ||   171
       Bite              |    24 |    19 ||    43
  Use: Potion            |       |     6 ||     6
  Eat: Chunk             |    12 |     4 ||    16
Armor: Scale mail        |     6 |       ||     6
       Chain mail        |    37 |    55 ||    92
Dodge: Dodged            |    27 |    23 ||    50
Block: Shield            |    44 |    44 ||    88
       Rpst.: Long sword |     7 |     6 ||    13
